 Dungeon Crawl Stone Soup version 0.30-a0-711-gf4ac18a38d (webtiles) character file.

Game seed: 9655823090324575941

38 arthad the Caller (level 3, 0/14 HPs)
             Began as a Felid Summoner on Jan 22, 2023.
             Slain by a goblin
             ... wielding a +0 club
             ... led by Robin
              (3 damage)
             ... on level 3 of the Dungeon.
             The game lasted 00:10:21 (2554 turns).

arthad the Caller (Felid Summoner)                  Turns: 2554, Time: 00:10:22

Health: 0/14       AC:  1    Str:  4    XL:     3   Next: 25%
Magic:  7/7        EV: 17    Int: 18    God:
Gold:   77         SH:  0    Dex: 16    Spells: 0/6 levels left
                                        Lives:  0   Deaths: 1

rFire   . . .      SeeInvis +    (weapon unavailable)
rCold   . . .      Faith    .    (shield unavailable)
rNeg    . . .      Spirit   .    (body armour unavailable)
rPois   .          Reflect  .    (helmet unavailable)
rElec   .          Harm     .    (cloak unavailable)
rCorr   .          Rampage  .    (gloves unavailable)
Will    .....                    (boots unavailable)
Stlth   ++                       (no amulet)
HPRegen 0.22/turn                (no ring)
MPRegen 0.10/turn                (no ring)

@: quick
A: very small, claws 1, fangs 3, see invisible, speed 1, shaggy fur 1, stealthy
paws, no weapons or thrown items, no armour, multi-lived
a: no special abilities


You were on level 3 of the Dungeon.
You visited 1 branch of the dungeon, and saw 4 of its levels.

You collected 152 gold pieces.
You spent 75 gold pieces at shops.

Inventory:

Scrolls
 k - a scroll of enchant weapon
 l - a scroll of vulnerability {unknown}
 m - a scroll of fear {unknown}
 n - a scroll of silence
 o - a scroll of amnesia {unknown}
Potions
 a - a potion of magic
 b - 2 potions of curing
 e - a potion of might
 g - a potion of attraction
 i - a potion of cancellation {unknown}
 j - 2 potions of heal wounds


   Skills:
 + Level 0.0 Fighting
 + Level 2.7 Dodging
 - Level 2.6 Stealth
 * Level 2.0 Spellcasting
 + Level 0.2 Hexes
 * Level 5.6 Summonings


You couldn't memorise any spells.
You knew the following spells:

 Your Spells              Type           Power      Damage    Failure   Level
a - Summon Small Mammal   Summ           88%        N/A       1%          1
b - Call Imp              Summ           22%        N/A       2%          2
c - Call Canine Familiar  Summ           22%        N/A       5%          3

Your spell library contained the following spells:

 Spells                   Type           Power      Damage    Failure   Level
 Summon Guardian Golem    Hex/Summ       12%        N/A       16%         3
 Summon Lightning Spire   Summ/Air       12%        N/A       50%         4


Dungeon Overview and Level Annotations

Branches:
Dungeon (4/15)
 Temple: D:4-7

Altars:

Shops:
D:1 ?   D:2 :*   D:3 [

Annotations:
D:3 Robin, Terence


Innate Abilities, Weirdness & Mutations

You have sharp claws.
You have razor-sharp teeth.
You have supernaturally acute eyesight. (SInv)
You cover ground quickly. (Speed+)
You are covered in fur. (AC +1)
Your paws help you pounce on unaware monsters.
You are incapable of wielding weapons or throwing items.
You cannot wear armour.
You gain extra lives every three experience levels.


Message History

You start resting.
Magic restored.
Okay, then.
As you read the scroll labelled FETI CYITI, it crumbles to dust.
It is a scroll of identify.
b - 2 potions of curing
As you read the scroll of identify, it crumbles to dust.
j - 2 potions of heal wounds
As you read the scroll of identify, it crumbles to dust.
e - a potion of might
As you read the scroll of identify, it crumbles to dust.
g - a potion of attraction
Okay, then.
You climb downwards.
Level annotation: Robin, Terence The ogre closely misses you.
The hobgoblin closely misses you. Robin throws the goblin at you!
There is a stone staircase leading up, spattered with blood here.
As you read the scroll labelled RUANNE ATUA, it crumbles to dust.
You feel aware of your surroundings.
You sensed 3 altars.
It was a scroll of magic mapping.
The hobgoblin misses you. The ogre completely misses you.
The goblin closely misses you.
As you read the scroll labelled ESCHIGR USMIPHA, it crumbles to dust.
Your body is wracked with pain!
The ogre convulses!
The goblin convulses!
The hobgoblin convulses!
Robin convulses!
The hobgoblin convulses!
It was a scroll of torment.
The hobgoblin hits you. The goblin closely misses you.
Robin roars a battlecry!
The goblins go into a battle-frenzy!
The ogre misses you.
Found a robe.
The hobgoblin misses you. The goblin hits you with a +0 club.
* * * LOW HITPOINT WARNING * * *
A kobold comes into view. It is wielding a +0 whip.
Found a robe.
Found an escape hatch in the floor.
The goblin closely misses you.
As you read the scroll labelled LAACUF LAWUGYO, it crumbles to dust.
It is a scroll of enchant weapon.
You aren't carrying any weapons that can be enchanted.
The hobgoblin closely misses you. The goblin hits you with a +0 club.
You die...

*,,,,,* **,,,,,** *,,,,,*
##...>.K.## *** *,,,,,*
#........[# *,, *,,,,,*
#.........# *,, *,,,,,*
#.∩.......# *,, *,,,,**
#.........# *,,
*,,,,***#.........# *,,
*,,,,,,*##.......## ******,
*,,,,*,*#....g@...# *,,,,,,
*,,,,*.##....ggO..####***,,,,,,
*,,,,*......g<........,,,,,,,,,
*,,,,,#..........>####***,,,,,,
##*,,,,,.......<.....## *,,,,,,
.#*,,,,,......).......# ****,,,
..#,,..........)......### *,,*,
#..........g.....###....#** *,,,,
*#.....,.......#).........#**,,**


You could see an ogre, Robin, 2 hobgoblins, 2 goblins and a kobold (asleep).

Vanquished Creatures
  A bat (D:1)
  A goblin (D:2)
  A kobold (D:1)
  A quokka (D:3)
4 creatures vanquished.

Vanquished Creatures (collateral kills)
  2 adders
  2 dart slugs
  An orc (D:3)
  7 ball pythons
  6 bats
  6 endoplasms
  3 giant cockroaches (D:1)
  5 goblins
  2 hobgoblins
  3 kobolds (D:1)
  2 quokkas (D:2)
  A frilled lizard (D:3)
  5 rats
45 creatures vanquished.

Grand Total: 49 creatures vanquished

Notes
Turn   | Place    | Note
-------+----------+-------------------------------------------
     0 | D:1      | arthad the Felid Summoner began the quest for the Orb.
     0 | D:1      | Reached XP level 1. HP: 7/7 MP: 4/4
   492 | D:1      | Reached XP level 2. HP: 11/11 MP: 3/6
   494 | D:1      | Found Plog's Magic Scroll Shoppe.
   500 | D:1      | Learned a level 2 spell: Call Imp
  1129 | D:1      | Reached skill level 5 in Summonings
  1168 | D:1      | Reached XP level 3. HP: 14/14 MP: 2/7
  1544 | D:2      | Found Neenola's Assorted Antiques.
  1549 | D:2      | Bought a sedimented silvery potion for 23 gold pieces
  1549 | D:2      | Bought a scroll labelled LAACUF LAWUGYO for 26 gold pieces
  1549 | D:2      | Bought a scroll labelled FETI CYITI for 26 gold pieces
  1853 | D:2      | Found Totzed's Antique Armour Emporium.
  2097 | D:2      | Found Uhatearo's Book Shop.
  2222 | D:2      | Learned a level 3 spell: Call Canine Familiar
  2247 | D:3      | Noticed an ogre
  2247 | D:3      | Found Iquis's Armour Boutique.
  2248 | D:3      | Noticed Robin
  2309 | D:3      | Noticed Terence
  2396 | D:4      | Reached XP level 4. HP: 11/18 MP: 1/8
  2459 | D:3      | Slain by a hobgoblin
  2460 | D:3      | Reached XP level 3. HP: 0/14 MP: 5/7
  2554 | D:3      | Slain by a goblin

Illustrated notes

Levels and vault maps discovered:
D:1:      evilmike_arrival_rings, layout_loops_corners, serial_shops,
          nicolae_shop_trees, minmay_worlds_worst_comb
D:2:      layout_basic, serial_shops, shop, shop, nicolae_diamond_shop
D:3:      layout_rooms, pdpol_wu_jian_five_deadly_venoms,
          gammafunk_temple_overflow_statue, serial_shops, shop, uniq_terence,
          uniq_robin, uniq_ijyb
D:4:      layout_cave_pools, yredelemnul_altar_generic, serial_shops,
          nicolae_shop_statue_plus, uniq_grinder, uniq_edmund, uniq_natasha

Skill      XL: |  1  2 |
---------------+-------+-----
Summonings     | 5 |  5.6
Dodging        | |  2.7
Stealth        | |  2.6
Spellcasting   | |  2.0
Hexes          | |  0.2

Action                     |  1- 3 |  4- 6 || total
---------------------------+-------+-------++-------
  Melee: Unarmed           |    20 |       ||    20
         Bite              |     1 |       ||     1
   Cast: Summon Small Mamm |    64 |       ||    64
         Call Imp          |    18 |       ||    18
         Call Canine Famil |     4 |     1 ||     5
    Use: Scroll            |     9 |       ||     9
 Armour: Skin              |     6 |       ||     6
  Dodge: Dodged            |    65 |     2 ||    67

Table legend: (Time is in decaauts)
 A = Elapsed time spent in this place.
 B = Non-inter-level travel time spent in this place.
 C = Inter-level travel time spent in this place.
 D = Time resting spent in this place.
 E = Time spent auto-exploring this place.
 F = Levels seen in this place.
 G = Mean time per level.
                   A        B        C        D        E       F      G
               +--------+--------+--------+--------+--------+-----+--------+
         Total |   2277 |   2196 |     81 |    151 |   1566 |   4 |  569.2 |
       Dungeon |   2277 |   2196 |     81 |    151 |   1566 |   4 |  569.2 |
               +--------+--------+--------+--------+--------+-----+--------+

Top non-repeatable levels by time:
     D:1: 1231 daAuts
     D:2: 869 daAuts
     D:4: 100 daAuts
     D:3: 75 daAuts
